 Dungeon Crawl Stone Soup version 0.29.1-15-g9cfb28693d (webtiles) character file.

Game seed: 14848275747676654582

2637 javelincjr the Magician (level 9, 0/65 HPs)
             Began as a Demonspawn Hedge Wizard on Apr 18, 2023.
             Was an Initiate of Sif Muna.
             Slain by a sky beast (5 damage)
             ... on level 7 of the Dungeon.
             The game lasted 00:32:28 (7255 turns).

javelincjr the Magician (Demonspawn Hedge Wizard)   Turns: 7255, Time: 00:32:28

Health: 0/65       AC:  5    Str: 11      XL:     9   Next: 35%
Magic:  18/18      EV: 13    Int: 19 (20) God:    Sif Muna [......]
Gold:   411        SH:  5    Dex: 12      Spells: 8/20 levels left

rFire   . . .      SeeInvis .   x - +3 club (spect)
rCold   . . .      Faith    .   r - orb {*channel}
rNeg    . . .      Spirit   .   b - +0 robe
rPois   +          Reflect  +   c - +1 hat
rElec   .          Harm     .   y - scarf {+Inv}
rCorr   .          Rampage  .   (no gloves)
Will    .....                   (no boots)
Stlth   +++.......              m - amulet of reflection
HPRegen 0.20/turn               g - ring of poison resistance
MPRegen 0.32/turn               A - ring of flight

@: flying
A: yellow scales 1, ignite blood 2, magic regeneration
a: Renounce Religion, Evoke Invisibility


You were on level 7 of the Dungeon.
You worshipped Sif Muna.
Sif Muna was noncommittal.
You visited 2 branches of the dungeon, and saw 8 of its levels.

You collected 411 gold pieces.

Inventory:

Hand Weapons
 x - a +3 spectral club (weapon)
Missiles
 u - 4 atropa-tipped darts
Armour
 a - a +0 cloak
 b - a +0 robe (worn)
 c - a +1 hat (worn)
 r - an orb of energy (worn)
 y - a scarf of invisibility (worn)
Jewellery
 g - a ring of poison resistance (left hand)
 j - a ring of poison resistance
 m - an amulet of reflection (around neck)
 A - a ring of flight (right hand)
Wands
 t - a wand of paralysis (1)
 w - a wand of light (4)
 F - a wand of mindburst (16)
Scrolls
 f - 2 scrolls of vulnerability
 h - 2 scrolls of teleportation
 i - 2 scrolls of identify
 k - 2 scrolls of fear
 l - 3 scrolls of enchant armour
 p - a scroll of magic mapping
 q - 2 scrolls of amnesia
 B - a scroll of immolation
Potions
 d - a potion of magic
 e - 3 potions of curing
 n - a potion of mutation {unknown}
 o - a potion of might
 s - a potion of berserk rage
 v - a potion of heal wounds
 z - 2 potions of ambrosia
 C - a potion of lignification {unknown}


   Skills:
 + Level 3.8 Fighting
 + Level 4.1 Dodging
 + Level 4.5 Stealth
 * Level 6.2 Spellcasting
 + Level 4.1 Conjurations
 + Level 4.1 Summonings
 + Level 3.7 Translocations
 + Level 0.9 Fire Magic
 + Level 0.9 Air Magic
 + Level 1.6 Invocations
 + Level 3.7 Evocations


You had 8 spell levels left.
You knew the following spells:

 Your Spells              Type           Power      Damage    Failure   Level
a - Magic Dart            Conj           84%        1d7       1%          1
b - Call Imp              Summ           21%        N/A       3%          2
c - Blink                 Tloc           40%        N/A       3%          2
d - Mephitic Cloud        Conj/Pois/Air  12%        N/A       16%         3
e - Conjure Flame         Conj/Fire      15%        6-21      12%         3
f - Foxfire               Conj/Fire      60%        2x1d7     3%          1

Your spell library contained the following spells:

 Spells                   Type           Power      Damage    Failure   Level
 Static Discharge         Conj/Air       15%        3-5/arc   6%          2
 Slow                     Hex            20%        N/A       11%         1
 Inner Flame              Hex/Fire       7%         N/A       26%         3
 Ignite Poison            Fire/Tmut/Pois 7%         N/A       28%         3
 Flame Wave               Conj/Fire      15%        2d7       36%         4
 Lightning Bolt           Conj/Air       7%         1d20      71%         5
 Freezing Cloud           Conj/Ice/Air   6%         6-21      83%         5
 Maxwell's Capacitive Co  Air            4%         ∞         100%        8


Dungeon Overview and Level Annotations

Branches:
Dungeon (7/15)             Temple (1/1) D:6

Altars:
Ashenzari
Gozag
Hepliaklqana
Kikubaaqudgha
Makhleb
Nemelex Xobeh
Okawaru
Qazlal
Ru
Sif Muna
Trog
Uskayaw
Vehumet
Wu Jian
Xom
Yredelemnul

Shops:
D:5 :

Annotations:
D:4 2 transporters, Barneous's ghost, amateur HuWn


Innate Abilities, Weirdness & Mutations

You are partially covered in yellow scales. (AC +2)
Your demonic aura often causes spilled blood to erupt in flames.
You regenerate magic rapidly.


Message History

The sky beast is moderately wounded.
You block the sky beast's attack.
You hit the sky beast.
The sky beast is moderately wounded.
The sky beast hits you. The sky beast shocks you.
The sky beast hits you but does no damage.
You barely miss the sky beast.
The sky beast is moderately wounded.
The sky beast hits you but does no damage.
You hit the sky beast.
The sky beast is heavily wounded.
The sky beast hits you. The sky beast shocks you.
You hit the sky beast but do no damage.
The sky beast is heavily wounded.
The sky beast hits you but does no damage.
The sky beast closely misses you.
You hit the sky beast.
The sky beast is severely wounded.
The sky beast hits you but does no damage.
You hit the sky beast but do no damage.
The sky beast is heavily wounded.
The sky beast barely misses you.
You hit the sky beast.
The sky beast is severely wounded.
The sky beast flickers out of sight!
Deactivating autopickup; reactivate with Ctrl-A.
Something hits you. Something shocks you. Something hits you.
Something shocks you.
There is a strange disturbance nearby!
You hit something but do no damage. Something hits you but does no damage.
You completely miss something. Something hits you. Something shocks you.
* * * LOW HITPOINT WARNING * * *
You closely miss something. Something hits you.
* * * LOW HITPOINT WARNING * * *
Something shocks you.
* * * LOW HITPOINT WARNING * * *
Something hits you.
* * * LOW HITPOINT WARNING * * *
Something shocks you.
You die...

..# #..#########.....#
..#
#..^.......#.###.########
..# ##.#####.....#
#......... ..# #.#
#.###.###.########
..####.#####.# #.....#
.............# ###.###
######.####### #.# #.#
#########.# #..
.....~{@..#
###############


There were no monsters in sight!

Vanquished Creatures
  Pikel (D:4)
  Sigmund (D:3)
  Eustachio (D:5)
  2 water moccasins
  An orc warrior (D:6)
  2 black bears (D:5)
  An ice beast (D:6)
  An ogre (D:5)
  A centaur (D:7)
  5 scorpions
  4 wights (D:6)
  2 howler monkeys (D:6)
  A jelly (D:6)
  2 hounds
  2 orc priests (D:6)
  A gnoll bouda (D:6)
  Ijyb (D:4)
  3 iguanas
  2 orc wizards (D:6)
  5 gnolls (D:6)
  5 adders
  A dart slug (D:5)
  13 orcs (D:6)
  6 endoplasms
  3 giant cockroaches
  3 goblins
  7 hobgoblins
  6 jackals
  A quokka (D:1)
  7 ball pythons
  6 bats
  A frilled lizard (D:3)
  8 kobolds
  7 rats
113 creatures vanquished.

Vanquished Creatures (collateral kills)
  A lemure (D:4)
  A wight (D:6)
  A hobgoblin (D:1)
  A ball python (D:3)
4 creatures vanquished.

Vanquished Creatures (others)
  An orc (D:4)
  74 foxfires (D:6)
75 creatures vanquished.

Grand Total: 192 creatures vanquished

Notes
Turn   | Place    | Note
-------+----------+-------------------------------------------
     0 | D:1      | javelincjr the Demonspawn Hedge Wizard began the quest for
                  | the Orb.
     0 | D:1      | Reached XP level 1. HP: 13/13 MP: 4/4
    47 | D:1      | Reached skill level 1 in Translocations
   685 | D:1      | Gained mutation: Your demonic aura sometimes causes spilled
                  | blood to erupt in flames. [demonic ancestry]
   685 | D:1      | Reached XP level 2. HP: 19/19 MP: 3/6
   688 | D:1      | Learned a level 2 spell: Call Imp
   691 | D:1      | Learned a level 2 spell: Blink
  1726 | D:2      | Reached XP level 3. HP: 24/24 MP: 2/7
  1957 | D:3      | Noticed Sigmund
  2911 | D:3      | Killed Sigmund
  2912 | D:3      | Reached skill level 1 in Fighting
  2912 | D:3      | Reached skill level 1 in Evocations
  2912 | D:3      | Reached XP level 4. HP: 16/32 MP: 5/9
  2912 | D:3      | Reached XP level 5. HP: 19/37 MP: 5/10
  3125 | D:4      | Noticed a lemure
  3125 | D:4      | Noticed a lemure
  3125 | D:4      | Noticed a lemure
  3126 | D:4      | Noticed Pikel
  3212 | D:4      | Found a transporter.
  3217 | D:4      | Found a transporter.
  3219 | D:4      | Noticed Barneous's ghost (amateur HuWn)
  3387 | D:4      | Reached skill level 4 in Spellcasting
  3395 | D:4      | Learned a level 3 spell: Mephitic Cloud
  3405 | D:4      | Learned a level 3 spell: Conjure Flame
  3446 | D:4      | Noticed Ijyb
  3477 | D:4      | Killed Ijyb
  3478 | D:4      | Reached XP level 6. HP: 16/43 MP: 8/12
  3897 | D:4      | Killed Pikel
  3898 | D:4      | Gained mutation: You are partially covered in yellow
                  | scales. (AC +2) [demonic ancestry]
  3898 | D:4      | Reached XP level 7. HP: 26/51 MP: 11/14
  4370 | D:5      | Entered Level 5 of the Dungeon
  4478 | D:5      | Found Mein's Book Shop.
  4526 | D:5      | Reached skill level 5 in Spellcasting
  4600 | D:5      | Found an ornate altar of the Wu Jian Council.
  4601 | D:5      | Found a hazy altar of Hepliaklqana.
  4601 | D:5      | Found a bloodstained altar of Trog.
  4607 | D:5      | Gained mutation: Your demonic aura often causes spilled
                  | blood to erupt in flames. [demonic ancestry]
  4607 | D:5      | Reached XP level 8. HP: 44/57 MP: 15/15
  5211 | D:5      | Noticed Eustachio
  5267 | D:5      | Killed Eustachio
  5740 | D:6      | Found a stormy altar of Qazlal.
  5875 | D:6      | Noticed an air elemental
  5905 | D:6      | Found a staircase to the Ecumenical Temple.
  5914 | Temple   | Entered the Ecumenical Temple
  5920 | Temple   | Became a worshipper of Sif Muna the Loreminder
  5957 | Temple   | Learned a level 1 spell: Foxfire
  6029 | D:6      | Found a broken altar of Ashenzari.
  6222 | D:6      | Gained mutation: You regenerate magic rapidly. [demonic
                  | ancestry]
  6222 | D:6      | Reached XP level 9. HP: 64/64 MP: 13/17
  6230 | D:6      | Reached skill level 6 in Spellcasting
  6371 | D:6      | Reached skill level 1 in Invocations
  7255 | D:7      | Slain by a sky beast

Illustrated notes

Levels and vault maps discovered:
D:1:      dpeg_arrival_prison, layout_loops_ring, chequers_serial_rivers_micro_d
D:2:      layout_rooms
D:3:      layout_basic, corexii_shack, kennysheep_generic_room_9, uniq_sigmund
D:4:      layout_loops_cross, gammafunk_ghost_stat_death, uniq_pikel, uniq_ijyb
D:5:      layout_basic, nicolae_overflow_quartered_altars, serial_shops,
          nicolae_diamond_shop, nicolae_elevator_lobby_plus, uniq_eustachio
D:6:      layout_gridville, nicolae_qazlal_style_of_elements,
          nicolae_ashenzari_skybound, minmay_temple_entry_purple_smoke
D:7:      layout_loops_ring, nicolae_ossuary_entry_false_entrances
Temple:   nicolae_temple_ecumenical_triangle

Skill      XL: |  1  2  3  4  5  6  7  8  9 |
---------------+----------------------------+-----
Translocations | 1 2 3 |  3.7
Stealth        | 2 3 4 |  4.5
Dodging        | 2 3 4 |  4.1
Fighting       | 1 2 3 |  3.8
Evocations     | 1 2 3 |  3.7
Spellcasting   | 4 5 6 |  6.2
Conjurations   | 2 3 4 |  4.1
Summonings     | 2 3 4 |  4.1
Invocations    | 1 |  1.6
Fire Magic     | |  0.9
Air Magic      | |  0.9

Action                   |  1- 3 |  4- 6 |  7- 9 || total
-------------------------+-------+-------+-------++-------
Melee: Dagger            |    91 |    29 |       ||   120
       Punch             |     1 |     2 |     1 ||     4
       Club              |       |    23 |   141 ||   164
 Cast: Magic Dart        |    51 |     8 |    28 ||    87
       Call Imp          |     4 |     5 |     5 ||    14
       Foxfire           |       |       |    48 ||    48
       Mephitic Cloud    |       |       |     4 ||     4
       Conjure Flame     |       |       |     2 ||     2
  Use: Scroll            |     4 |     2 |     7 ||    13
 Stab: Sleeping          |     1 |     2 |     1 ||     4
       Distracted        |     1 |     1 |     1 ||     3
       Confused          |       |       |     2 ||     2
Armor: Robe              |     8 |     1 |    39 ||    48
Dodge: Dodged            |    44 |    23 |    94 ||   161
Block: Other             |    16 |     9 |    23 ||    48
       Reflection        |     1 |       |       ||     1
       Orb               |       |       |    11 ||    11
